 Dungeon Crawl Stone Soup version 0.28-a0-1493-g08698888e4 (webtiles) character file.

Game seed: 16265748901672958832

4447 croobank the Skirmisher (level 10, -8/86 HPs)
             Began as a Red Draconian Transmuter on Jan 12, 2022.
             Was an Initiate of Vehumet.
             Killed by the air
             ... invoked by Gastronok
              (24 damage)
             ... on level 9 of the Dungeon.
             The game lasted 00:44:49 (7558 turns).

croobank the Skirmisher (Red Draconian Transmuter)  Turns: 7558, Time: 00:44:50

Health: -8/86      AC:  9    Str: 17    XL:     10   Next: 15%
Magic:  17/17      EV: 14    Int: 13    God:    Vehumet [......]
Gold:   294        SH:  0    Dex: 14    Spells: 13/21 levels left

rFire   + + .      SeeInvis .   b - +0 arbalest
rCold   . . .      Faith    .   (shield currently unavailable)
rNeg    . . .      Spirit   .   (armour unavailable)
rPois   .          Reflect  .   (helmet restricted)
rElec   .          Harm     .   v - +0 cloak
rCorr   .          Rampage  .   (no gloves)
Will    .....                   y - +0 pair of boots
Stlth   +.........              z - amulet of regeneration
HPRegen 1.04/turn               D - ring of protection from fire
MPRegen 0.15/turn               (no ring)

@: short of breath, slowed, studying Crossbows, very slow
A: breathe fire, AC +7, unfitting armour, fire resistance 1, cold-blooded, horns
1, low mp 1, strong 1
a: Breathe Fire, Renounce Religion


You were on level 9 of the Dungeon.
You worshipped Vehumet.
Vehumet was noncommittal.
You visited 2 branches of the dungeon, and saw 10 of its levels.
You also visited: Sewer.

You collected 442 gold pieces.
You spent 148 gold pieces at shops.

Inventory:

Hand Weapons
 a - a +5 spear of venom
 b - a +0 arbalest (weapon)
 c - a +1 hunting sling of flaming
 x - a +2 vampiric falchion
 A - a +2 dagger of venom
 C - a +0 scythe
 F - a +3 quarterstaff of chaos
 G - a +0 lajatang
Missiles
 d - 52 bolts (quivered ammo)
 e - 269 stones
 k - 52 sling bullets
 l - 54 arrows
 w - a throwing net
Armour
 v - a +0 cloak (worn)
 y - a +0 pair of boots (worn)
Magical Staves
 j - a staff of conjuration
 m - a staff of air
 n - a staff of conjuration
Jewellery
 z - an amulet of regeneration (around neck)
 D - a ring of protection from fire (left hand)
Scrolls
 g - 2 scrolls of immolation
 h - a scroll of amnesia
 p - 2 scrolls of fear
 q - 2 scrolls of fog
 t - a scroll of summoning {unknown}
 u - a scroll of enchant armour {unknown}
 J - a scroll of magic mapping
 L - a scroll of teleportation
Potions
 f - 2 potions of brilliance
 i - a potion of invisibility
 r - a potion of might
 B - a potion of degeneration {unknown}
 E - a potion of haste
 H - 2 potions of flight {unknown}
 K - a potion of curing {unknown}


   Skills:
 + Level 7.1 Fighting
 + Level 6.2 Polearms
 + Level 4.0 Crossbows
 + Level 6.1 Dodging
 - Level 3.0 Unarmed Combat
 - Level 6.2 Spellcasting
 - Level 6.7 Transmutations
 * Level 0.9 Ice Magic


You had 13 spell levels left.
You knew the following spells:

 Your Spells              Type           Power      Damage    Failure   Level
a - Beastly Appendage     Tmut           42%        N/A       1%          1
b - Wereblood             Tmut           21%        N/A       1%          2
c - Apportation           Tloc           8%         N/A       17%         1
d - Ice Form              Ice/Tmut       13%        N/A       34%         4

Your spell library contained the following spells:

 Spells                   Type           Power      Damage    Failure   Level
 Spider Form              Tmut/Pois      12%        N/A       13%         3
 Animate Skeleton         Necr           8%         N/A       17%         1
 Summon Small Mammal      Summ           16%        N/A       17%         1
 Corpse Rot               Necr/Air       8%         N/A       26%         2
 Summon Guardian Golem    Hex/Summ       4%         N/A       45%         3
 Sticky Flame             Conj/Fire      4%         2d3       86%         4
 Borgnjor's Vile Clutch   Necr/Erth      2%         N/A       99%         5
 Simulacrum               Ice/Necr       2%         N/A       100%        6
 Orb of Destruction       Conj           2%         9d1       100%        7
 Spellforged Servitor     Conj/Summ      2%         N/A       100%        7


Dungeon Overview and Level Annotations

Branches:
Dungeon (9/15)             Temple (1/1) D:7           Sewer (visited)
   Lair: D:8-11         Orc: D:9-12

Altars:
Ashenzari
Cheibriados
Elyvilon
Gozag
Hepliaklqana
Kikubaaqudgha
Makhleb
Nemelex Xobeh
Okawaru
Ru
Sif Muna
Trog
Uskayaw
Vehumet
Wu Jian
Xom
Yredelemnul
Zin
The Shining One

Shops:
D:2 (   D:8 ?

Annotations:
D:8 2 transporters, eustatius's ghost, novice TrFi
D:9 Gastronok


Innate Abilities, Weirdness & Mutations

You can breathe blasts of fire.
Your fiery red scales are hard. (AC +7)
You cannot fit into any form of body armour.
Your flesh is heat resistant. (rF+)
You are cold-blooded and may be slowed by cold attacks.
You have a pair of small horns on your head.
Your magical capacity is low. (-10% MP)
Your muscles are strong. (Str +2)


Message History

Gastronok looks at you and mumbles some strange words.
You feel yourself slow down.
Fire: 55 bolts
Press: ? - help, Q - select action, (/) - cycle Shift-Dir - straight line, f/p - Gastronok
Aim: Gastronok, wearing a +1 hat of stealth (moderately wounded, 94% to hit)
You shoot a bolt. The bolt completely misses Gastronok.
Unknown command.
Aiming: Breathe Fire (3% risk of failure)
Press: ? - help, Shift-Dir - straight line, f/p - Gastronok
Aim: Gastronok, wearing a +1 hat of stealth (lightly wounded, 100% to hit)
You breathe a blast of fire.
The fiery breath hits Gastronok!
Gastronok is moderately wounded.
Gastronok is engulfed in blazing flames.
Fire: 54 bolts
Press: ? - help, Q - select action, (/) - cycle Shift-Dir - straight line, f/p - Gastronok
Aim: Gastronok, wearing a +1 hat of stealth (heavily wounded, 94% to hit)
You shoot a bolt. The bolt hits Gastronok!!
Gastronok is heavily wounded.
Fire: 53 bolts
Press: ? - help, Q - select action, (/) - cycle Shift-Dir - straight line, f/p - Gastronok
Aim: Gastronok, wearing a +1 hat of stealth (heavily wounded, 94% to hit)
You shoot a bolt. The bolt hits Gastronok.
Gastronok is heavily wounded.
Gastronok bites you!!
Your +5 spear of venom begins to drip with poison!
a - a +5 spear of venom (weapon)
You hit Gastronok. You headbutt Gastronok.
Gastronok is severely wounded.
Gastronok gurgles, "I'll eat you, I will!"
Gastronok bites you!!
* * * LOW HITPOINT WARNING * * *
Okay, then.
Blink to where?
Press: ? - help, Dir - move target, p - Gastronok
As you read the scroll of blinking, it crumbles to dust.
Your +5 spear of venom stops dripping with poison.
b - a +0 arbalest (weapon)
Gastronok waves his eye-stalks in wide circles.
The air twists around and strikes you!!
You die...

########## #........#
#........# .
#........###..
#........#...# .#
#.....@....# .#
#........#.# .# #........#
.. .# #........# ## .###
#........# ... .
#........######.##...#
##(#####§w((.(((..)...w...
.........##########.#####.
.#.####### ...


You could see Gastronok.

Vanquished Creatures
  Pikel (D:5)
  Grinder (D:4)
  Prince Ribbit (D:5)
  Sigmund (D:4)
  5 yaks
  4 vampire mosquitoes (D:7)
  A steam dragon (D:4)
  Menkaure (D:4)
  A water moccasin (D:8)
  A black bear (D:4)
  A hornet zombie (D:7)
  Pargi (Sewer)
  A sky beast (D:7)
  An orc warrior (D:9)
  A necrophage (D:4)
  2 ogres (D:5)
  A lemure (D:5)
  2 bullfrogs
  2 scorpions (D:4)
  A wyvern zombie (D:6)
  A wyvern skeleton (D:7)
  Crazy Yiuf (D:6)
  3 centaur zombies
  3 hounds
  2 jellies
  A gnoll shaman (D:4)
  2 orc priests
  A centaur skeleton (D:7)
  A bullfrog skeleton (D:5)
  4 orc wizards
  A hound zombie (D:5)
  5 gnolls (D:4)
  2 howler monkey zombies
  10 adders
  A river rat (D:3)
  An ufetubus (D:7)
  3 worms
  2 dart slugs
  21 orcs
  6 ball pythons
  3 endoplasms
  4 giant cockroaches
  8 goblins
  8 hobgoblins
  5 kobolds
  4 quokkas
  4 bats
  7 frilled lizards
  A quokka skeleton (D:4)
  5 rats
150 creatures vanquished.

Vanquished Creatures (others)
  A hobgoblin (D:4)
1 creature vanquished.

Grand Total: 151 creatures vanquished

Notes
Turn   | Place    | Note
-------+----------+-------------------------------------------
     0 | D:1      | croobank the Draconian Transmuter began the quest for the
                  | Orb.
     0 | D:1      | Reached XP level 1. HP: 16/16 MP: 3/3
   337 | D:1      | Reached XP level 2. HP: 23/23 MP: 3/5
  1012 | D:2      | Reached skill level 1 in Polearms
  1036 | D:2      | Reached XP level 3. HP: 29/29 MP: 4/6
  1049 | D:2      | Learned a level 2 spell: Wereblood
  1191 | D:2      | You fall into a shaft and drop 2 floors!
  1207 | D:4      | Reached skill level 2 in Fighting
  1219 | D:4      | Noticed Sigmund
  1255 | D:3      | Reached XP level 4. HP: 9/36 MP: 5/7
  1375 | D:3      | Found a glowing drain.
  1637 | Sewer    | Entered a sewer
  1746 | Sewer    | Noticed Pargi
  1772 | Sewer    | Killed Pargi
  1773 | Sewer    | Reached XP level 5. HP: 23/42 MP: 6/9
  2080 | D:3      | Found an ornate altar of the Wu Jian Council.
  2529 | D:2      | Found Gigaal's Antique Weapon Emporium.
  2769 | D:3      | Found a faded altar of an unknown god.
  3153 | D:4      | Reached skill level 3 in Fighting
  3153 | D:4      | Reached XP level 6. HP: 51/51 MP: 8/10
  3559 | D:4      | Your scales start taking on a fiery red colour.
  3559 | D:4      | Reached XP level 7. HP: 57/58 MP: 8/12
  3559 | D:4      | Gained mutation: Your flesh is heat resistant. (rF+) [Red
                  | Draconian growth]
  3569 | D:4      | Noticed a steam dragon
  3575 | D:4      | Killed a steam dragon
  3576 | D:4      | Reached skill level 4 in Fighting
  3581 | D:4      | Noticed Grinder
  3584 | D:5      | Entered Level 5 of the Dungeon
  3970 | D:5      | Noticed Pikel
  3988 | D:5      | Killed Pikel
  3989 | D:5      | Reached XP level 8. HP: 65/67 MP: 10/14
  4263 | D:5      | Noticed Prince Ribbit
  4279 | D:5      | Killed Prince Ribbit
  4280 | D:5      | Reached skill level 5 in Fighting
  4280 | D:5      | Reached skill level 5 in Transmutations
  4679 | D:6      | Learned a level 1 spell: Apportation
  4713 | D:6      | Found a bloodstained altar of Trog.
  4776 | D:4      | Paralysed by Grinder for 2 turns
  4784 | D:4      | Paralysed by Grinder for 3 turns
  4794 | D:4      | Noticed Menkaure
  4796 | D:4      | Paralysed by Grinder for 3 turns
  4806 | D:4      | Killed Grinder
  4807 | D:4      | Reached skill level 5 in Spellcasting
  4836 | D:4      | Killed Menkaure
  4837 | D:4      | Reached skill level 5 in Polearms
  4837 | D:4      | Reached skill level 5 in Dodging
  4837 | D:4      | Reached XP level 9. HP: 75/75 MP: 13/16
  4947 | D:4      | Killed Sigmund
  4993 | D:4      | Found a basalt altar of Yredelemnul.
  5427 | D:5      | Reached skill level 6 in Fighting
  5617 | D:6      | Found a runed translucent door.
  5618 | D:6      | Noticed Crazy Yiuf
  5624 | D:6      | Killed Crazy Yiuf
  5845 | D:8      | Noticed eustatius's ghost (novice TrFi)
  5861 | D:8      | Identified the -5 helmet of the Everdark {+Inv Int+5}
  5879 | D:7      | Reached skill level 1 in Crossbows
  5983 | D:8      | Noticed a troll
  5983 | D:8      | a spriggan changed into a troll
  6031 | D:7      | Got the Reference Book on Fiery Necromancy
  6107 | D:7      | Found a staircase to the Ecumenical Temple.
  6122 | Temple   | Entered the Ecumenical Temple
  6185 | Temple   | Became a worshipper of Vehumet
  6604 | D:7      | Reached XP level 10. HP: 39/84 MP: 17/19
  6823 | D:7      | Reached skill level 7 in Fighting
  7070 | D:8      | Found Ypazi's Magic Scroll Emporium.
  7078 | D:8      | Bought a scroll of identify for 22 gold pieces
  7078 | D:8      | Bought a scroll of fear for 38 gold pieces
  7078 | D:8      | Bought a scroll of teleportation for 33 gold pieces
  7078 | D:8      | Bought a scroll of identify for 22 gold pieces
  7078 | D:8      | Bought a scroll of teleportation for 33 gold pieces
  7190 | D:8      | Learned a level 4 spell: Ice Form
  7249 | D:8      | Gained mutation: You occasionally shout uncontrollably at
                  | your foes. [potion of mutation]
  7250 | D:8      | Lost mutation: You occasionally shout uncontrollably at
                  | your foes. [potion of mutation]
  7250 | D:8      | Gained mutation: Your magical capacity is low. (-10% MP)
                  | [potion of mutation]
  7250 | D:8      | Gained mutation: Your muscles are strong. (Str +2) [potion
                  | of mutation]
  7250 | D:8      | Gained mutation: You have a pair of small horns on your
                  | head. [potion of mutation]
  7290 | D:8      | Found a transporter.
  7320 | D:8      | Found a transporter.
  7389 | D:8      | Found a snail-covered altar of Cheibriados.
  7394 | D:8      | Found an ancient bone altar of Kikubaaqudgha.
  7397 | D:8      | Found a hazy altar of Hepliaklqana.
  7527 | D:9      | Noticed Gastronok
  7558 | D:9      | Killed from afar by Gastronok

Illustrated notes

Levels and vault maps discovered:
D:1:      evilmike_arrival_crescent, layout_rooms
D:2:      kennysheep_six_static_rooms, layout_basic, serial_shops,
          nicolae_shop_waterfront, ebering_dispersal_statue_hall
D:3:      layout_loops_ring, pdpol_wu_jian_five_deadly_venoms,
          ebering_ecumenical_altar_ruins, portal_sewer_entry_c
D:4:      layout_loops_ring, general_overflow_altar, uniq_menkaure,
          uniq_sigmund, uniq_grinder
D:5:      layout_basic, hangedman_decor_lopped, uniq_pikel, uniq_prince_ribbit1
D:6:      layout_rooms, mainiacjoe_overflow_catwalk, uniq_crazy_yiuf_cottage
D:7:      layout_basic, minmay_temple_entry_trees
D:8:      layout_cave_pools, minmay_overflow_temple_star_quad,
          gammafunk_ghost_arena, serial_shops, shop, due_unseen_surprise
D:9:      layout_rooms, nicolae_qazlal_style_of_elements,
          grunt_temple_overflow_open, dk_noncrumbling_4, grunt_ministairs_6,
          hangedman_decor_slide_cut, uniq_gastronok
Temple:   dshaligram_water_room_temple

Skill      XL: |  1  2  3  4  5  6  7  8  9 10 |
---------------+-------------------------------+-----
Dodging        | 2 3 4 5 6 |  6.1
Polearms       | 1 2 3 4 5 6 |  6.2
Fighting       | 2 3 4 5 6 7 |  7.1
Transmutations | 3 4 5 6 |  6.7
Spellcasting   | 3 4 5 6 |  6.2
Crossbows      | 3 4 |  4.0
Unarmed Combat | |  3.0
Ice Magic      | |  0.9

Action                   |  1- 3 |  4- 6 |  7- 9 | 10-12 || total
-------------------------+-------+-------+-------+-------++-------
Melee: Spear             |    62 |   117 |   158 |    44 ||   381
       Kick              |     8 |    20 |    58 |    11 ||    97
       Tailslap          |     4 |    10 |    42 |     7 ||    63
       Headbutt          |     4 |    13 |    31 |    17 ||    65
       Punch             |     1 |     1 |     4 |       ||     6
       Lajatang          |       |       |    55 |       ||    55
       Dagger            |       |       |    33 |       ||    33
 Fire: Hunting sling     |       |       |     4 |       ||     4
       Arbalest          |       |       |     6 |     9 ||    15
 Cast: Beastly Appendage |    19 |    27 |    31 |     6 ||    83
       Wereblood         |     1 |     4 |     9 |     2 ||    16
 Abil: Breathe Fire      |       |       |    17 |     3 ||    20
  Use: Scroll            |       |     6 |     5 |     7 ||    18
       Potion            |       |     1 |     2 |     2 ||     5
 Stab: Sleeping          |     1 |     1 |       |       ||     2
       Invisible         |       |       |     3 |       ||     3
Armor: Skin              |    14 |    68 |    76 |    19 ||   177
Dodge: Dodged            |    40 |    68 |   214 |    22 ||   344

Table legend: (Time is in decaauts)
 A = Elapsed time spent in this place.
 B = Non-inter-level travel time spent in this place.
 C = Inter-level travel time spent in this place.
 D = Time resting spent in this place.
 E = Time spent auto-exploring this place.
 F = Levels seen in this place.
 G = Mean time per level.
                   A        B        C        D        E       F      G
               +--------+--------+--------+--------+--------+-----+--------+
         Total |   7594 |   7340 |    254 |    759 |   4567 |  11 |  690.4 |
       Dungeon |   7095 |   6864 |    231 |    583 |   4414 |   9 |  788.3 |
        Temple |     96 |     73 |     23 |      0 |     58 |   1 |   96.0 |
         Sewer |    402 |    402 |      0 |    176 |     94 |   1 |  402.0 |
               +--------+--------+--------+--------+--------+-----+--------+

Top non-repeatable levels by time:
     D:4: 1103 daAuts
     D:5: 1057 daAuts
     D:7: 1053 daAuts
     D:2: 968 daAuts
     D:3: 940 daAuts
     D:1: 813 daAuts
     D:8: 545 daAuts
     D:6: 541 daAuts
   Sewer: 402 daAuts
  Temple: 96 daAuts
     D:9: 72 daAuts
